 Dungeon Crawl Stone Soup version 0.31-a0-236-g9a0961fb85 (webtiles) character file.

Game seed: 13379996939424890962

22 innerfire43 the Trooper (level 2, -1/24 HPs)
             Began as a Demonspawn Monk on July 10, 2023.
             Slain by an adder (2 damage)
             ... on level 2 of the Dungeon.
             The game lasted 00:00:38 (674 turns).

innerfire43 the Trooper (Demonspawn Monk)            Turns: 674, Time: 00:00:38

Health: -1/24      AC:  2    Str: 11    XL:     2   Next: 68%
Magic:  2/2        EV: 10    Int: 11    God:
Gold:   67         SH:  7    Dex: 15    Spells: 1/1 levels left

rFire   . . .        a - +0 hand axe
rCold   . . .        f - +0 kite shield
rNeg    . . .        b - +0 robe
rPois   .            (no helmet)
rElec   .            (no cloak)
rCorr   .            (no gloves)
SInv    .            (no boots)
Will    .....        (no amulet)
Stlth   +            (no ring)
HPRegen 0.24/turn    (no ring)
MPRegen 0.16/turn

%: no passive effects
@: lethally poisoned (-1 -> -2)
A: magic regeneration
a: no special abilities


You were on level 2 of the Dungeon.
You visited 1 branch of the dungeon, and saw 2 of its levels.

You collected 67 gold pieces.

Inventory:

Hand Weapons
 a - a +0 hand axe (weapon)
Armour
 b - a +0 robe (worn)
 d - an orb of light
 f - a +0 kite shield (worn)
Scrolls
 e - a scroll of enchant weapon {unknown}
Potions
 c - a potion of ambrosia


   Skills:
 + Level 3.3 Fighting
 + Level 3.0 Axes
 + Level 3.0 Dodging


You had one spell level left.
You didn't know any spells.
Your spell library contained the following spells:

 Spells                   Type           Power      Damage    Failure   Level
 Necrotise                Necr           0%         1d4       87%         1
 Mephitic Cloud           Conj/Pois/Air  0%         N/A       99%         3
 Vampiric Draining        Necr           0%         2d6       99%         3
 Agony                    Necr           0%         N/A       100%        5
 Alistair's Intoxication  Tmut/Pois      0%         N/A       100%        5
 Storm Form               Tmut/Air       0%         N/A       100%        7


Dungeon Overview and Level Annotations

Branches:
Dungeon (2/15)

Altars:


Innate Abilities, Weirdness & Mutations

You regenerate magic rapidly.


Message History

The adder is heavily wounded.
You feel sick. The adder bites you. The adder closely misses you.
An adder is nearby!
You hit the adder.
The adder is severely wounded.
You feel sick. The adder bites you. x2
You are too injured to fight recklessly!
An adder is nearby!
You are too injured to fight recklessly!
An adder is nearby!
You are too injured to fight recklessly!
You miss the adder.
The adder is severely wounded.
You feel sick.
You are no longer poisoned.
You block the adder's attack. The adder bites you.
You are poisoned.
The adder poisons you!
You closely miss the adder.
The adder is severely wounded.
* * * LOW HITPOINT WARNING * * *
You feel sick. You block the adder's attack. The adder completely misses you.
Unknown command.
You closely miss the adder.
The adder is severely wounded.
* * * LOW HITPOINT WARNING * * *
You feel sick. You block the adder's attack.
Unknown command.
You hit the adder.
The adder is severely wounded.
You feel sick. The adder barely misses you. The adder bites you.
* * * LOW HITPOINT WARNING * * *
Unknown command.
You miss the adder.
The adder is severely wounded.
* * * LOW HITPOINT WARNING * * *
You feel sick. The adder bites you.
* * * LOW HITPOINT WARNING * * *
The adder bites you.
You die...

...### .#....#
.....~# ..#.~~#
#.#.~8# #.#.~~#
#.#..~# #S#...#
###@#..## #.#
#.......# #.#
#.#.###.# #.#
#.#..##.# #.# #
##.##.# ..#
#.##.##.# ..#
#.......# ..######
####.####
<......##########.#


You could see an adder.

Vanquished Creatures
  2 dart slugs (D:1)
  4 ball pythons (D:1)
  2 bats (D:1)
  An endoplasm (D:2)
  A goblin (D:1)
  A hobgoblin (D:1)
  3 quokkas (D:1)
  2 frilled lizards (D:1)
  A kobold (D:1)
17 creatures vanquished.

Notes
Turn   | Place    | Note
-------+----------+-------------------------------------------
     0 | D:1      | innerfire43 the Demonspawn Monk began the quest for the
                  | Orb.
     0 | D:1      | Reached XP level 1. HP: 18/18 MP: 1/1
   187 | D:1      | Gained mutation: You regenerate magic rapidly. [demonic
                  | ancestry]
   187 | D:1      | Reached XP level 2. HP: 24/24 MP: 2/2
   238 | D:1      | Got the Exposition on Virous Aeromancy
   674 | D:2      | HP: 1/24 [adder (1)]
   674 | D:2      | Slain by an adder

Illustrated notes

Levels and vault maps discovered:
D:1:      wander_arrival_estate, layout_basic, serial_curves, eino_curves_01,
          eino_curves_01, eino_curves_03
D:2:      layout_loops_cross, moated_statue

Skill      XL: |  1  2 |
---------------+-------+-----
Axes           | 3 |  3.0
Dodging        | 3 |  3.0
Fighting       | |  3.3

Action                     || total
---------------------------++-------
  Melee: Hand axe          ||    44
 Armour: Robe              ||    11
  Dodge: Dodged            ||    31
  Block: Kite shield       ||     4

Table legend: (Time is in decaauts)
 A = Elapsed time spent in this place.
 B = Non-inter-level travel time spent in this place.
 C = Inter-level travel time spent in this place.
 D = Time resting spent in this place.
 E = Time spent auto-exploring this place.
 F = Levels seen in this place.
 G = Mean time per level.
                   A        B        C        D        E       F      G
               +--------+--------+--------+--------+--------+-----+--------+
         Total |    683 |    669 |     14 |      0 |    541 |   2 |  341.5 |
       Dungeon |    683 |    669 |     14 |      0 |    541 |   2 |  341.5 |
               +--------+--------+--------+--------+--------+-----+--------+

Top non-repeatable levels by time:
     D:1: 609 daAuts
     D:2: 73 daAuts
